AoeStats
← NuclearRabbit19

Arabia

507295627Analyzed
1v1 RM · 15d ago on Sep 17, 2026· 19m 16s· 2 players
Game mode
Random Map
Map size
Tiny (2 player)
Population
200
Speed
Normal
Resources
Standard
Victory
Conquest
Starting age
Dark Age
Ending age
Imperial Age
RankedLock teamsTeams togetherTeam positionsShared explorationLock speedFull tech treeHidden civsTurbo modeCheats
Victory
Defeat
🇮🇳 Romans · India
1302
+15
🇬🇧 Khitans · United Kingdom
1272
-15
NuclearRabbit19
5:40 Loom
8:52 Feudal Age
12:24 Forging
16:02 Fletching
Savy
6:43 Loom
8:47 Feudal Age
8:59 Man-at-Arms
12:37 Forging
13:22 Fletching
Connection lost

Rejoining the realm…

Still unreachable

The connection could not be restored.

Session expired

The server has moved on; the page needs a fresh start.